 Dungeon Crawl Stone Soup version 0.21.0-8-gf18e19db4a (webtiles) character file.

97 Jannitor the Changer (level 4, -1/32 HPs)
             Began as a Barachi Transmuter on Jan 17, 2018.
             Was a Follower of Fedhas.
             Slain by a hobgoblin (4 damage)
             ... led by Robin
             ... on level 2 of the Dungeon.
             The game lasted 00:03:13 (1516 turns).

Jannitor the Changer (Barachi Transmuter)           Turns: 1516, Time: 00:03:14

Health: -1/32      AC:  2    Str: 11    XL:     4   Next: 68%
Magic:  5/7        EV: 20    Int: 15    God:    Fedhas [*.....]
Gold:   117        SH:  0    Dex: 17    Spells: 3/7 levels left

rFire    . . .     SeeInvis .     - Unarmed
rCold    . . .     Gourm    .   (shield currently unavailable)
rNeg     . . .     Faith    .   (armour currently unavailable)
rPois    x         Spirit   .   (helmet currently unavailable)
rElec    .         Reflect  .   (cloak currently unavailable)
rCorr    .         Harm     .   (gloves currently unavailable)
MR       .....                  (boots currently unavailable)
Stlth    ++........             (no amulet)
HPRegen  0.10/turn              k - ring of flight
MPRegen  0.10/turn              (no ring)

@: spider-form (expiring)
A: tiny, +LOS, swims
a: End Transformation, Fungal Bloom, Evolution, Renounce Religion, Evoke Flight


You were on level 2 of the Dungeon.
You worshipped Fedhas.
Fedhas was aware of your devotion.
You were very hungry.
You were a venomous arachnid creature.
You visited 1 branch of the dungeon, and saw 2 of its levels.

You collected 117 gold pieces.

Inventory:

Missiles
 a - 25 arrows
Armour
 b - a +0 robe (melded)
 f - a +0 cloak (melded)
Jewellery
 k - a ring of flight (left front leg)
Wands
 n - a wand of digging (12)
Scrolls
 g - a scroll of magic mapping {unknown}
 j - a scroll of immolation {unknown}
 l - a scroll of teleportation {unknown}
 m - 2 scrolls of identify {unknown}
 o - a scroll of blinking {unknown}
Potions
 e - a potion of might {unknown}
 i - a potion of curing {unknown}
Books
 c - a book of Changes

   Spells                             Type                      Level
   a - Beastly Appendage              Transmutation                1
   b - Sticks to Snakes               Transmutation                2
   c - Spider Form                    Transmutation/Poison         3
   d - Ice Form                       Ice/Transmutation            4
   e - Blade Hands                    Transmutation                5
Comestibles
 d - 3 rations


   Skills:
 - Level 1.2 Fighting
 - Level 2.1 Dodging
 - Level 3.2 Unarmed Combat
 - Level 2.1 Spellcasting
 + Level 4.5 Transmutations
 + Level 2.2 Poison Magic


You had 3 spell levels left.
You knew the following spells:

 Your Spells              Type           Power        Failure   Level  Hunger
a - Beastly Appendage     Tmut           ###...       11%         1    #......
b - Spider Form           Tmut/Pois      ##........   34%         3    ###....


Dungeon Overview and Level Annotations

Branches:
Dungeon (2/15)

Altars:
Elyvilon
Fedhas


Innate Abilities, Weirdness & Mutations

Shadows flee at your approach. (+LOS)
You can swim through water.
((You cover ground slowly.))
((You can hop short distances.))


Message History

The goblin hits you with a dagger!
* * * LOW HITPOINT WARNING * * *
The hobgoblin hits you with a club.
* * * LOW HITPOINT WARNING * * *
The hobgoblin completely misses you. The goblin misses you.
The hobgoblin misses you. The goblin completely misses you.
You can't wield anything in your present form.
It was a potion of heal wounds.
You feel much better. The goblin hits you but does no damage.
The hobgoblin hits you with a club!
The hobgoblin closely misses you. x2; The goblin completely misses you. x2
The goblin hits you with a club.
* * * LOW HITPOINT WARNING * * *
Unknown command.
You hit the goblin but do no damage.
The goblin is poisoned.
The goblin closely misses you. The hobgoblin barely misses you.
The hobgoblin hits you with a club.
* * * LOW HITPOINT WARNING * * *
The hobgoblin hits you.
You die...
Fedhas appreciates your contribution to the ecosystem.

####....######.. .
###...# #.. ..
####.#####.. ...
+........... .... ###
#.....(..... ..... ##.#
##..#.####...
....#..####.......##.##
#gggg........#..#.#
#ggs.........##...#
#.ggg........##..##
##..........###.>#
##...##...## ####
##########


You could see 3 hobgoblins and 6 goblins.

Vanquished Creatures
  Robin (D:2)
  4 adders (D:2)
  2 oozes
  A dart slug (D:1)
  3 bats
  9 goblins
  5 hobgoblins
  3 jackals (D:1)
  3 kobolds
  A quokka (D:2)
  A ball python (D:1)
  3 frilled lizards
  5 rats
41 creatures vanquished.

Notes
Turn   | Place    | Note
-------+----------+-------------------------------------------
     0 | D:1      | Jannitor the Barachi Transmuter began the quest for the Orb.
     0 | D:1      | Reached XP level 1. HP: 15/15 MP: 3/3
   271 | D:1      | Reached skill level 3 in Transmutations
   271 | D:1      | Reached XP level 2. HP: 15/21 MP: 5/5
   757 | D:1      | Reached XP level 3. HP: 19/26 MP: 3/6
   797 | D:1      | Learned a level 3 spell: Spider Form
  1088 | D:1      | Reached skill level 4 in Transmutations
  1088 | D:1      | Reached skill level 1 in Poison Magic
  1169 | D:2      | Found a white marble altar of Elyvilon.
  1205 | D:2      | Reached XP level 4. HP: 32/32 MP: 2/7
  1241 | D:2      | Found a white marble altar of Elyvilon.
  1343 | D:2      | Found a faded altar of an unknown god.
  1354 | D:2      | Became a worshipper of Fedhas Madash
  1354 | D:2      | Reached * piety under Fedhas
  1500 | D:2      | Noticed Robin
  1514 | D:2      | Killed Robin
  1516 | D:2      | Slain by a hobgoblin

Skill      XL: |  1  2  3  4 |
---------------+-------------+-----
Transmutations | 3 4 |  4.5
Poison Magic   | 1 2 |  2.2
Fighting       | |  1.2
Dodging        | |  2.1
Unarmed Combat | |  3.2
Spellcasting   | |  2.1

Action                   |  1- 3 |  4- 6 || total
-------------------------+-------+-------++-------
Melee: Unarmed           |    95 |    31 ||   126
       Kick              |     9 |       ||     9
       Headbutt          |     2 |       ||     2
 Cast: Beastly Appendage |    11 |       ||    11
       Spider Form       |     4 |     3 ||     7
  Use: Potion            |       |     1 ||     1
 Stab: Sleeping          |     1 |     1 ||     2
  Eat: Chunk             |     2 |     1 ||     3
Armor: Robe              |    25 |     2 ||    27
       Skin              |       |     1 ||     1
Dodge: Dodged            |    77 |    46 ||   123
